Map: Hecate LE

Players

Nurgle - Winner!

  • Race: Zerg Zerg
  • League: Master
  • Spawn Location: 7:00

TUCKER

  • Race: Protoss Protoss
  • League: Diamond
  • Spawn Location: 1:00

VOD

Have the link to the VOD?

Description

Time

  • Played on: Feb. 3, 2024, 1:12 p.m.
  • Length: 4:03
Show
View Real Time Build Order
Export as new Build Order

Nurgle Zerg - Winner!

Build Orders: Pool First 

Get SALT Encoding   

  12  0:01  Drone  
  13  0:13  Overlord  
  13  0:17  Drone  
  14  0:31  Drone  
  14  0:32  Drone  
  14  0:35  Extractor, Drone  
  16  0:46  Drone  
  17  0:52  Spawning Pool  
  17  0:57  Drone  
  17  1:07  Drone  
  18  1:24  Hatchery  
  17  1:28  Drone  
  18  1:40  Zergling x4  
  18  1:41  Metabolic Boost  
  20  1:51  Roach Warren  
  19  1:58  Overlord  
  19  2:13  Queen  
  21  2:31  Roach x3  
  27  2:41  Roach  
  29  2:44  Roach  
  31  2:51  Overlord  
  31  2:53  Ravager  
  31  2:56  Zergling x2  
  33  2:58  Zergling x2  
  33  3:04  Zergling x2  
  35  3:11  Zergling x2  
  36  3:16  Zergling x2  
  38  3:20  Zergling x2  
  38  3:24  Zergling x6  
  41  3:30  Overlord  
  41  3:31  Zergling x2  
Show
View Real Time Build Order
Export as new Build Order

TUCKER Protoss 

Build Orders: 1 Gate Expand 

Get SALT Encoding   

  12  0:00  Probe  
  13  0:12  Probe  
  14  0:17  Pylon  
  14  0:24  Probe (Chrono Boost)  
  15  0:36  Probe (Chrono Boost)  
  15  0:39  Gateway  
  16  0:45  Probe (Chrono Boost)  
  16  0:48  Assimilator  
  17  0:51  Probe  
  18  1:03  Probe  
  19  1:21  Nexus  
  19  1:30  Cybernetics Core  
  19  1:33  Probe  
  20  1:42  Assimilator  
  20  1:45  Probe  
  21  1:56  Pylon  
  21  1:57  Probe  
  22  2:09  Robotics Facility  
  22  2:15  Probe  
  23  2:18  Stalker (Chrono Boost)  
  25  2:27  Probe  
  26  2:33  Probe  
  27  2:39  Probe  
  27  2:40  Stalker  
  30  2:45  Probe  
  31  2:51  Probe  
  31  2:57  Probe  
  33  2:59  Warp Prism  
  33  3:03  Probe  
  36  3:09  Probe  
  37  3:14  Zealot  
  37  3:16  Pylon  
  40  3:20  Probe  
  40  3:38  Gateway  
  34  3:50  Gateway  
Tags
 
Add a new tag
Caveats
  • Supply blocks, unpowered buildings, or Contaminate may cause inaccurate times.
  • Supply counts are checked every 10 seconds.